 Dungeon Crawl Stone Soup version 0.28.0-53-g5a82cb258f (webtiles) character file.

Game seed: 14116699085908708685

167 mortz the Conjurer (level 5, -3/28 HPs)
             Began as a Kobold Conjurer on July 21, 2022.
             Killed from afar by Ijyb (18 damage)
             ... with a bolt of acid
             ... on level 4 of the Dungeon.
             The game lasted 00:18:53 (3768 turns).

mortz the Conjurer (Kobold Conjurer)                Turns: 3768, Time: 00:18:54

Health: -3/28      AC:  5    Str:  5    XL:     5   Next: 76%
Magic:  5/9        EV: 14    Int: 21    God:
Gold:   195        SH:  0    Dex: 13    Spells: 7/10 levels left

rFire   . . .      SeeInvis .   a - staff of conjuration {!a@e2staff}
rCold   + + .      Faith    .   (shield currently unavailable)
rNeg    . . .      Spirit   .   j - +1 robe
rPois   .          Reflect  .   (no helmet)
rElec   .          Harm     .   m - +5 cloak of Indecent Exposure {rC++}
rCorr   .          Rampage  .   (no gloves)
Will    .....                   (no boots)
Stlth   ++++......              (no amulet)
HPRegen 0.09/turn               (no ring)
MPRegen 0.11/turn               (no ring)

@: corroded
A: small, no large weapons, nightstalker 3
a: no special abilities


You were on level 4 of the Dungeon.
You visited 1 branch of the dungeon, and saw 4 of its levels.

You collected 195 gold pieces.


Innate Abilities, Weirdness & Mutations

You are small and have problems with some larger weapons.
You are completely attuned to the shadows.


   Skills:
 + Level 0.4 Short Blades
 + Level 2.6 Dodging
 + Level 4.5 Stealth
 + Level 3.1 Spellcasting
 * Level 5.2 Conjurations
 * Level 1.2 Translocations


You had 7 spell levels left.
You knew the following spells:

 Your Spells              Type           Power      Damage    Failure   Level
a - Magic Dart            Conj           100%       1d8       1%          1
b - Searing Ray           Conj           74%        2d7       2%          2

Your spell library contained the following spells:

 Spells                   Type           Power      Damage    Failure   Level
 Sting                    Tmut/Pois      12%        1d3       13%         1
 Dazzling Flash           Conj/Hex       42%        N/A       14%         3
 Poisonous Vapours        Pois/Air       6%         N/A       21%         2
 Iskenderun's Mystic Bla  Conj/Tloc      25%        2d7       34%         4
 Fulminant Prism          Conj/Hex       10%        3d9       41%         4
 Olgreb's Toxic Radiance  Pois           3%         N/A       78%         4

Inventory:

Hand Weapons
 b - a +0 short sword of flaming {short}
   (You found it on level 2 of the Dungeon)
 e - a +0 dagger {short}
   (You took it off a kobold on level 1 of the Dungeon)
 o - a +0 hand axe {axe}
   (You took it off an orc on level 3 of the Dungeon)
Missiles
 h - 6 poisoned darts {throwing}
Armour
 d - a +0 leather armour
   (You found it on level 2 of the Dungeon)
 j - a +1 robe (worn)
 m - the +5 cloak of Indecent Exposure (worn) {rC++}
   (You acquired it on level 2 of the Dungeon)

   rC:        It greatly protects you from cold.
Magical Staves
 a - a staff of conjuration (weapon) {!a@e2staff}
   (You acquired it on level 2 of the Dungeon)
Wands
 q - a wand of flame (21)
   (You found it on level 4 of the Dungeon)
Scrolls
 f - 4 scrolls of teleportation {@r4}
 i - a scroll of enchant weapon {unknown}
 l - a scroll of identify {@r1}
Potions
 c - a potion of flight
 g - a potion of berserk rage {!q}
 k - a potion of curing {@q1}
 n - a potion of cancellation
 p - 2 potions of might {unknown}

Dungeon Overview and Level Annotations

Branches:
Dungeon (4/15)
 Temple: D:4-7

Altars:
Beogh

Shops:
D:4 (

Annotations:
D:4 Ijyb

##### ##...##
##.###.###########
####.##
##.#....@g... .....#
#......$.... .....##
##.........##
#####.###.##.#####.#
##...###.# ..
##....#.# ##.#.#.#
#.#.#.# #.#.#.#


You could see Ijyb.


Message History

You feel a surge of power!
The searing ray hits the orc. (Press . to maintain the ray.)
You hear a shout!
An orc comes into view.
It is wielding a +0 short sword. 😎 MP[-2]
You lost 2 mp, and now have 2/9 mp.
The searing ray misses the orc.
The searing ray hits the orc!
You kill the orc! 😎 MP[-1]
You lost 1 mp, and now have 1/9 mp.
The searing ray hits the orc!
You kill the orc! 😎 MP[-1]
You lost 1 mp, and now have 0/9 mp.
You climb upwards.
There is a stone staircase leading down here. 😎 MP[+1]
You start resting. 😎 MP[+8]
Your mp is fully restored (9).
Things that are here:
3 boomerangs {throwing}; a +0 flail {mace} You see here a +0 club {mace}.
There is a stone staircase leading down here.
You climb downwards.
There is a stone staircase leading up here.
There is a stone staircase leading up here.
You see here a +0 club {mace}.
Items here: )) [[ ††.
Found a stone staircase leading down.
Things that are here:
a +0 leather armour; a +0 hand axe {axe}
Things that are here:
a +0 ring mail; a +0 short sword {short}; an orc corpse
There is a stone staircase leading down here.
i - a scroll labelled FOALURU JOECH
l - a scroll of identify {@r1} You now have 182 gold pieces (gained 16).
p - 2 silvery potions You now have 195 gold pieces (gained 13).
A kobold comes into view. It is wielding a +0 dagger.
Your +0 short sword of flaming {short} bursts into flame!
b - a +0 short sword of flaming (weapon)
{short} The helpless kobold fails to defend itself.
You puncture the kobold! You burn the kobold.
You kill the kobold!
Your +0 short sword of flaming {short} stops flaming.
a - a staff of conjuration (weapon)
{!a@e2staff}
Found Nafrimn's Antique Weapon Emporium.
q - a wand of flame (21)
A hobgoblin comes into view.
The hobgoblin moves out of view.
There is an entrance to Nafrimn's Antique Weapon Emporium here.
You feel a surge of power!
The searing ray hits the hobgoblin!
You kill the hobgoblin! (Press . to maintain the ray.) 😎 MP[-2]
You lost 2 mp, and now have 7/9 mp.
An endoplasm comes into view. 😎 MP[+2]
Your mp is fully restored (9).
You feel a surge of power!
The searing ray hits the endoplasm!
You kill the endoplasm! (Press . to maintain the ray.) 😎 MP[-2]
You lost 2 mp, and now have 7/9 mp.
Ijyb the Twisted Goblin comes into view.
She is wielding a +0 dagger and carrying a wand of acid (5). 😎 MP[+2]
Your mp is fully restored (9).
Your +0 short sword of flaming {short} bursts into flame!
b - a +0 short sword of flaming (weapon)
{short} The helpless Ijyb fails to defend herself.
You hit Ijyb. You burn Ijyb. Ijyb hits you but does no damage.
You hit Ijyb. You burn Ijyb. Ijyb screams, "I cut your head off!"
Ijyb hits you with a +0 dagger. 😕 HP[-3]
You take 3 damage, and now have 25/28 hp.
You closely miss Ijyb. Ijyb barely misses you.
The searing ray hits Ijyb. (Press . to maintain the ray.) Ijyb barely misses you. 😕 MP[-2]
You lost 2 mp, and now have 7/9 mp.
The searing ray hits Ijyb.
Ijyb hits you but does no damage. 😕 MP[-1]
You lost 1 mp, and now have 6/9 mp.
The searing ray hits Ijyb.
Ijyb zaps a wand.
The bolt of acid hits you! The acid corrodes you! 😮 HP[-10] MP[-1]
You take 10 damage, and now have 15/28 hp.
MASSIVE DAMAGE!! (PAUSE)
You lost 1 mp, and now have 5/9 mp.
Your +0 short sword of flaming {short} stops flaming.
a - a staff of conjuration (weapon)
{!a@e2staff} Ijyb zaps a wand.
The bolt of acid hits you!!
Ouch! That really hurt!
You die...

Skill      XL: |  1  2  3  4  5 |
---------------+----------------+-----
Stealth        | 3 4 |  4.5
Conjurations   | 5 |  5.2
Translocations | 1 |  1.2
Spellcasting   | 3 |  3.1
Short Blades   | |  0.4
Dodging        | |  2.6

Action                   |  1- 3 |  4- 6 || total
-------------------------+-------+-------++-------
Melee: Dagger            |    11 |       ||    11
       Short sword       |     3 |    11 ||    14
 Cast: Magic Dart        |     9 |       ||     9
       Searing Ray       |    18 |    31 ||    49
  Use: Scroll            |     6 |     6 ||    12
 Stab: Sleeping          |    11 |     8 ||    19
Armor: Robe              |     3 |     6 ||     9
Dodge: Dodged            |     6 |     8 ||    14

Levels and vault maps discovered:
D:1:      dpeg_arrival_simpleton_a, layout_basic, serial_bayou_ford_a,
          minmay_misc_feat_alley, minmay_stone_trees_small, st_stairs_11
D:2:      layout_rooms, minmay_worlds_worst_comb
D:3:      layout_basic, hellmonk_ecumenical_altar_defaced_shrine
D:4:      layout_loops_ring, serial_shops, shop, nicolae_shop_crystal, shop,
          serial_bayou_pond_e, uniq_sigmund, uniq_ijyb, uniq_menkaure,
          uniq_robin

Notes
Turn   | Place    | Note
-------+----------+-------------------------------------------
     0 | D:1      | mortz the Kobold Conjurer began the quest for the Orb.
     0 | D:1      | Reached XP level 1. HP: 10/10 MP: 3/3
     0 | D:1      | magus.rc [v1.9.6]
   248 | D:1      | Reached XP level 2. HP: 15/15 MP: 1/5
   251 | D:1      | Learned a level 2 spell: Searing Ray
   842 | D:1      | Reached XP level 3. HP: 19/19 MP: 6/6
  1075 | D:1      | Reached skill level 3 in Stealth
  1866 | D:2      | Reached XP level 4. HP: 24/24 MP: 5/8
  2320 | D:2      | Identified 2 scrolls of acquirement
  2320 | D:2      | Acquired the +5 cloak of Indecent Exposure {rC++}
  2328 | D:2      | Acquired a staff of conjuration
  2409 | D:3      | You add the spells Sting, Poisonous Vapours and Olgreb's
                  | Toxic Radiance to your library.
  2546 | D:3      | Reached skill level 5 in Conjurations
  2802 | D:3      | Reached XP level 5. HP: 28/28 MP: 5/9
  3028 | D:3      | Reached skill level 4 in Stealth
  3265 | D:3      | Reached skill level 1 in Translocations
  3316 | D:3      | Found a faded altar of an unknown god.
  3468 | D:4      | Reached skill level 3 in Spellcasting
  3668 | D:4      | Found Nafrimn's Antique Weapon Emporium.
  3757 | D:4      | Noticed Ijyb
  3768 | D:4      | Killed from afar by Ijyb

Vanquished Creatures
  An orc priest (D:4)
  A gnoll (D:1)
  3 adders
  2 worms (D:3)
  13 orcs
  3 ball pythons
  14 endoplasms
  4 giant cockroaches
  6 goblins
  9 hobgoblins
  5 kobolds
  2 quokkas
  7 bats
  A frilled lizard (D:1)
  3 rats
74 creatures vanquished.

Vanquished Creatures (others)
  A plant (D:4)
1 creature vanquished.

Grand Total: 75 creatures vanquished

Table legend:
 A = Non-vault XP
 B = Vault XP
 C = Vault XP percentage of total XP
 D = Non-vault monster count
 E = Vault monster count
 F = Vault count percentage of total count
                 A         B        C        D         E       F
            +---------+---------+-------+---------+---------+-------
      Total |     211 |      28 |  11.7 |      62 |      12 |  16.2
            +---------+---------+-------+---------+---------+-------
        D:1 |      53 |       7 |  11.7 |      25 |       4 |  13.8
        D:2 |      26 |       6 |  18.8 |       8 |       3 |  27.3
        D:3 |      61 |      15 |  19.7 |      20 |       5 |  20.0
        D:4 |      71 |       0 |   0.0 |       9 |       0 |   0.0
            +---------+---------+-------+---------+---------+-------

Illustrated notes

Table legend:
 A = Kills in this place as a percentage of kills in entire the game.
 B = Kills by you in this place as a percentage of kills by you in the entire game.
 C = Kills by friends in this place as a percentage of kills by friends in the entire game.
 D = Other kills in this place as a percentage of other kills in the entire game.
 E = Experience gained in this place as a percentage of experience gained in the entire game.
 F = Experience gained in this place divided by the number of levels of this place that you have seen.
                   A       B       C       D       E      F
               +-------+-------+-------+-------+-------+----------------------
         Total | 100.0 | 100.0 |   N/A |   N/A | 100.0 |  59.8
       Dungeon | 100.0 | 100.0 |   N/A |   N/A | 100.0 |  59.8
               +-------+-------+-------+-------+-------+----------------------

Table legend: (Time is in decaauts)
 A = Elapsed time spent in this place.
 B = Non-inter-level travel time spent in this place.
 C = Inter-level travel time spent in this place.
 D = Time resting spent in this place.
 E = Time spent auto-exploring this place.
 F = Levels seen in this place.
 G = Mean time per level.
                   A        B        C        D        E       F      G
               +--------+--------+--------+--------+--------+-----+--------+
         Total |   3778 |   3529 |    249 |    170 |   2868 |   4 |  944.5 |
       Dungeon |   3778 |   3529 |    249 |    170 |   2868 |   4 |  944.5 |
               +--------+--------+--------+--------+--------+-----+--------+

Top non-repeatable levels by time:
     D:1: 1663 daAuts
     D:3: 1136 daAuts
     D:2: 784 daAuts
     D:4: 193 daAuts
